 Seeded DCSS version 0.28-a0-1339-ga542228 (webtiles) character file.

Game seed: 6760368435528562141 (custom seed)

11182 Illumine the Destroyer (level 11, -3/60 HPs)
             Began as a Gargoyle Conjurer on Dec 27, 2021.
             Was a High Priest of Hepliaklqana.
             Slain by a death yak simulacrum (10 damage)
             ... in an ice cave on Dec 28, 2021.
             The game lasted 00:32:30 (12010 turns).

Illumine the Destroyer (Gargoyle Conjurer)         Turns: 12010, Time: 00:32:31

Health: -3/60      AC: 18    Str: 11    XL:     11   Next: 73%
Magic:  16/24      EV: 12    Int: 23    God:    Hepliaklqana [*****.]
Gold:   547        SH:  0    Dex:  8    Spells: 15/28 levels left

rFire   . . .      SeeInvis .   U - +2 war axe (elec)
rCold   + . .      Faith    +   (no shield)
rNeg    + . .      Spirit   .   C - +3 leather armour {rF+}
rPois   ∞          Reflect  .   F - +0 helmet
rElec   +          Harm     .   G - +0 cloak
rCorr   .          Rampage  .   n - +0 pair of gloves
Will    .....                   (no boots)
Stlth   +.........              M - amulet of faith
HPRegen 0.20/turn               b - ring of wizardry
MPRegen 0.19/turn               S - ring of ice

@: no status effects
A: reduced essence, sickness immunity, AC +8, negative energy resistance 1,
electricity resistance, torment resistance 1, petrification resistance
a: Renounce Religion, Recall Ancestor, Ancestor Identity, Transference, Idealise


You were in an ice cave.
You worshipped Hepliaklqana.
Hepliaklqana was extremely pleased with you.
You visited 2 branches of the dungeon, and saw 11 of its levels.
You also visited: Ice Cave.

You collected 547 gold pieces.

Inventory:

Hand Weapons
 U - a +2 war axe of electrocution (weapon)
Missiles
 h - 43 poisoned darts
 x - 6 curare-tipped darts
 y - 3 atropa-tipped darts
 L - 5 datura-tipped darts
Armour
 n - a +0 pair of gloves (worn)
 o - a +0 robe of resistance
 C - a +3 leather armour of fire resistance (worn)
 F - a +0 helmet (worn)
 G - a +0 cloak (worn)
Jewellery
 b - a ring of wizardry (left hand)
 v - a ring of protection from fire
 A - a ring of flight
 B - a ring of resist corrosion
 H - a +4 ring of evasion
 K - a ring of willpower
 M - an amulet of faith (around neck)
 R - the ring "Zargh" {rN+ SInv}
   (You found it on level 8 of the Dungeon)

   [ring of see invisible]

   rN:        It protects you from negative energy.
   SInv:      It lets you see invisible.
 S - a ring of ice (right hand)
Wands
 a - a wand of iceblast (12)
 J - a wand of charming (8)
 N - a wand of acid (9)
 O - a wand of digging (11)
Scrolls
 d - a scroll of fear
 e - 3 scrolls of vulnerability
 i - 5 scrolls of blinking
 j - a scroll of amnesia
 k - a scroll of noise
 r - 4 scrolls of teleportation
 t - 2 scrolls of enchant armour
 u - a scroll of magic mapping {unknown}
 z - a scroll of fog {unknown}
 D - a scroll of summoning {unknown}
 P - a scroll of brand weapon {unknown}
Potions
 c - 2 potions of heal wounds
 f - a potion of resistance {unknown}
 g - 3 potions of might
 l - 6 potions of curing
 m - 2 potions of ambrosia {unknown}
 p - 3 potions of flight
 q - a potion of lignification {unknown}
 s - a potion of degeneration {unknown}
 w - a potion of haste {unknown}
 I - a potion of berserk rage {unknown}
 Q - 2 potions of mutation {unknown}
 T - a potion of brilliance {unknown}


   Skills:
 + Level 7.4 Fighting
 + Level 3.5 Axes
 - Level 6.0 Armour
 + Level 5.2 Dodging
 - Level 2.1 Stealth
 * Level 9.4 Spellcasting
 + Level 9.6 Conjurations
 - Level 1.4 Hexes
 - Level 3.0 Translocations
 - Level 1.1 Poison Magic
 + Level 5.3 Invocations


You had 15 spell levels left.
You knew the following spells:

 Your Spells              Type           Power      Damage    Failure   Level
a - Magic Dart            Conj           100%       1d8       1%          1
b - Searing Ray           Conj           100%       2d8       1%          2
c - Dazzling Flash        Conj/Hex       72%        N/A       1%          3
d - Mephitic Cloud        Conj/Pois/Air  27%        N/A       2%          3
e - Iskenderun's Mystic   Conj/Tloc      40%        2d9       2%          4

Your spell library contained the following spells:

 Spells                   Type           Power      Damage    Failure   Level
 Slow                     Hex            68%        N/A       1%          1
 Stone Arrow              Conj/Erth      66%        3d11      1%          3
 Sandblast                Erth           20%        2d7       3%          1
 Fulminant Prism          Conj/Hex       18%        3d11      3%          4
 Passwall                 Tmut/Erth      8%         N/A       4%          2
 Confusing Touch          Hex            17%        N/A       5%          3
 Ignite Poison            Fire/Tmut/Pois 12%        N/A       9%          3
 Vampiric Draining        Necr           10%        2d6       9%          3
 Freezing Cloud           Conj/Ice/Air   19%        6-21      22%         5
 Summon Forest            Summ/Tloc      8%         N/A       41%         5
 Summon Mana Viper        Hex/Summ       14%        N/A       50%         5
 Summon Cactus Giant      Summ           5%         N/A       98%         6


Dungeon Overview and Level Annotations

Branches:
Dungeon (10/15)            Temple (0/1) D:5            Lair (1/6) D:9
  IceCv (1/1)
    Orc: D:9-12

Altars:
Hepliaklqana
Yredelemnul

Shops:
D:4 *   D:10 (

Annotations:
D:6 1 runed translucent door, Terra's ghost, novice HuAM
D:7 3 runed translucent doors, geeeeen's ghost, novice BaSu IceCv exclusion: ice statue


Innate Abilities, Weirdness & Mutations

Your life essence is reduced to manifest your ancestor. (-10% HP)
You are immune to sickness and miasma.
Your stone body is resilient. (AC +8)
You are immune to poison.
You resist negative energy. (rN+)
You are resistant to electric shocks. (rElec)
You are resistant to unholy torment.
You are immune to petrification.


Message History

Casting: Searing Ray (safe; 1% risk of failure)
Confirm with . or Enter, or press ? or * to list all spells.
Aiming: Searing Ray (safe; 1% risk of failure)
Press: ? - help, Shift-Dir - straight line, f - death yak simulacrum
Aim: a death yak simulacrum (100% to hit)
Numeria avoids your attack.
The searing ray hits the death yak simulacrum but does no damage. (Press . to maintain the ray.)
The death yak simulacrum gores Numeria!!
The death yak simulacrum freezes Numeria!!
Numeria resists.
Numeria is destroyed!
The searing ray hits the death yak simulacrum!
The death yak simulacrum is moderately damaged.
The searing ray hits the death yak simulacrum!
The death yak simulacrum is heavily damaged.
The searing ray hits the death yak simulacrum but does no damage.
The death yak simulacrum is heavily damaged.
You finish channelling your searing ray.
Casting: Searing Ray (safe; 1% risk of failure)
Confirm with . or Enter, or press ? or * to list all spells.
Aiming: Searing Ray (safe; 1% risk of failure)
Press: ? - help, Shift-Dir - straight line, f/p - death yak simulacrum
Aim: a death yak simulacrum (heavily damaged, 100% to hit)
The searing ray hits the death yak simulacrum.
The death yak simulacrum is severely damaged. (Press . to maintain the ray.)
The death yak simulacrum gores you. The death yak simulacrum freezes you!!
You resist.
The searing ray hits the death yak simulacrum!
The death yak simulacrum is almost destroyed.
The death yak simulacrum gores you. The death yak simulacrum freezes you!
You resist.
* * * LOW HITPOINT WARNING * * *
The searing ray hits the death yak simulacrum.
The death yak simulacrum is almost destroyed.
The death yak simulacrum gores you!
* * * LOW HITPOINT WARNING * * *
The death yak simulacrum freezes you! You resist.
You die...

# #..#8..##
#..# #
#..###((#
#..# #..#
#.[# ##.##
##. ####
#..# #
##.## #..##
##..# #
##.## #.##
#.@## Z...#
##Z.#
..Z..##..##
#....##.##
#....#..#
#......##
#.8....#
#..^..##
#....###


You could see a death yak simulacrum.

Vanquished Creatures
  2 anaconda simulacra (IceCv)
  2 freezing wraiths (IceCv)
  6 ice devils
  A troll (D:9)
  Sigmund (D:4)
  6 yaks
  A dire elephant simulacrum (IceCv)
  A basilisk (D:9)
  A wyvern (D:9)
  2 water moccasins
  An orc warrior (D:9)
  An ogre (D:7)
  4 wolves (Lair:1)
  4 centaurs
  A kobold brigand (D:5)
  6 bullfrogs
  A scorpion (D:8)
  4 cane toad simulacra (IceCv)
  3 elephant simulacra (IceCv)
  A killer bee (D:9)
  5 wights
  A howler monkey (D:7)
  2 centaur zombies
  A bullfrog zombie (D:6)
  2 hounds
  2 iguanas
  3 orc wizards (D:5)
  2 polar bear simulacra (IceCv)
  A troll simulacrum (IceCv)
  3 gnolls (D:3)
  3 adders
  A white imp (D:7)
  2 ufetubi
  A worm (D:2)
  5 dart slugs
  10 orcs
  16 ball pythons
  5 bats
  6 endoplasms
  6 giant cockroaches
  9 goblins
  7 hobgoblins
  6 quokkas
  2 frilled lizards
  8 kobolds
  9 rats
167 creatures vanquished.

Vanquished Creatures (collateral kills)
  A two-headed ogre (D:9)
  A rime drake (Lair:1)
  An anaconda simulacrum (IceCv)
  3 ice devils
  A shadow (D:9)
  A wyvern (D:9)
  A dire elephant simulacrum (IceCv)
  A basilisk (Lair:1)
  2 yaks
  A death yak simulacrum (IceCv)
  4 water moccasins
  A sky beast (D:6)
  An orc warrior (D:7)
  A wolf (Lair:1)
  A bullfrog (Lair:1)
  2 cane toad simulacra (IceCv)
  A wyvern skeleton (D:7)
  A water moccasin skeleton (D:4)
  2 killer bees (D:9)
  3 wights (D:5)
  2 howler monkeys (D:7)
  A centaur zombie (D:6)
  A bullfrog skeleton (D:5)
  3 hounds
  A jelly (D:6)
  A centaur skeleton (D:7)
  An orc priest (D:7)
  An orc wizard (D:9)
  2 troll simulacra (IceCv)
  2 polar bear simulacra (IceCv)
  A wolf simulacrum (IceCv)
  2 adders
  2 ufetubi (IceCv)
  3 orcs (D:7)
  A giant cockroach (D:3)
  A quokka (D:4)
55 creatures vanquished.

Vanquished Creatures (others)
  4 knights (IceCv)
  An ancestor (D:3)
  8 fungi (D:9)
  20 plants
33 creatures vanquished.

Grand Total: 255 creatures vanquished

Notes
Turn   | Place    | Note
-------+----------+-------------------------------------------
     0 | D:1      | Illumine the Gargoyle Conjurer began the quest for the Orb.
     0 | D:1      | Reached XP level 1. HP: 10/10 MP: 3/3
    52 | D:1      | Found a faded altar of an unknown god.
   232 | D:1      | Reached XP level 2. HP: 15/15 MP: 3/5
   257 | D:1      | Learned a level 2 spell: Searing Ray
   546 | D:1      | Reached skill level 5 in Conjurations
   843 | D:1      | Reached XP level 3. HP: 19/19 MP: 2/6
  1518 | D:2      | Learned a level 3 spell: Dazzling Flash
  1800 | D:2      | Found a hazy altar of Hepliaklqana.
  1910 | D:2      | Reached XP level 4. HP: 24/24 MP: 5/8
  1919 | D:2      | Became a worshipper of Hepliaklqana the Forgotten
  2331 | D:3      | You fall into a shaft and drop 1 floor!
  2546 | D:3      | Reached * piety under Hepliaklqana
  2654 | D:3      | Learned a level 3 spell: Mephitic Cloud
  2755 | D:3      | Reached skill level 1 in Fighting
  2760 | D:3      | Reached XP level 5. HP: 26/26 MP: 1/9
  2962 | D:3      | Upgraded the game from 0.28-a0-1292-gb4563b2 to
                  | 0.28-a0-1334-g1c9ffb4
  3640 | D:4      | Reached skill level 1 in Poison Magic
  3747 | D:4      | Noticed Sigmund
  3753 | D:4      | Killed Sigmund
  3754 | D:4      | Reached skill level 1 in Hexes
  3754 | D:4      | Reached XP level 6. HP: 25/31 MP: 3/11
  3816 | D:4      | Found Pod Meig's Assorted Antiques.
  4006 | D:4      | Reached ** piety under Hepliaklqana
  4007 | D:4      | Remembered your ancestor Numeria as a knight
  4352 | D:5      | Entered Level 5 of the Dungeon
  4466 | D:5      | Reached XP level 7. HP: 36/36 MP: 7/13
  4778 | D:5      | Found a staircase to the Ecumenical Temple.
  4805 | D:5      | Reached skill level 1 in Armour
  4805 | D:5      | Reached XP level 8. HP: 41/41 MP: 4/15
  4924 | D:5      | Reached skill level 5 in Spellcasting
  5243 | D:5      | Reached *** piety under Hepliaklqana
  5295 | D:5      | Found a basalt altar of Yredelemnul.
  6394 | D:6      | Found a runed translucent door.
  6394 | D:6      | Noticed Terra's ghost (novice HuAM)
  6642 | D:6      | Upgraded the game from 0.28-a0-1334-g1c9ffb4 to
                  | 0.28-a0-1339-ga542228
  6921 | D:7      | Learned a level 4 spell: Iskenderun's Mystic Blast
  7316 | D:7      | Reached XP level 9. HP: 46/46 MP: 10/18
  7389 | D:7      | Reached **** piety under Hepliaklqana
  7645 | D:7      | Found a runed translucent gate.
  7645 | D:7      | Found a runed translucent gate.
  7646 | D:7      | Noticed geeeeen's ghost (novice BaSu)
  7648 | D:7      | Found a runed translucent gate.
  8031 | D:8      | Reached skill level 5 in Fighting
  8075 | D:8      | Identified the ring "Zargh" {rN+ SInv}
  8227 | D:8      | Reached ***** piety under Hepliaklqana
  8274 | D:8      | Reached skill level 1 in Translocations
  8274 | D:8      | Reached skill level 1 in Invocations
  8432 | D:9      | Noticed a troll
  8559 | D:9      | Noticed a two-headed ogre
  8819 | D:8      | Reached XP level 10. HP: 52/54 MP: 17/21
  8850 | D:8      | Reached skill level 5 in Armour
  9066 | D:10     | Entered Level 10 of the Dungeon
  9066 | D:10     | Found Deuceoxe's Antique Weapon Shop.
  9347 | D:9      | Found a staircase to the Lair.
  9651 | D:9      | Killed a two-headed ogre
  9652 | D:9      | Reached skill level 1 in Axes
 10123 | Lair:1   | Entered Level 1 of the Lair of Beasts
 10282 | Lair:1   | Reached XP level 11. HP: 57/59 MP: 23/23
 10422 | Lair:1   | Found a frozen archway.
 10566 | IceCv    | Entered an ice cave
 11080 | IceCv    | Reached skill level 5 in Dodging
 11203 | IceCv    | Reached skill level 5 in Invocations
 12010 | IceCv    | Slain by a death yak simulacrum

Illustrated notes

Levels and vault maps discovered:
D:1:      erik_arrival_triangle_small, layout_loops_corners,
          nicolae_ecumenical_snake_handling, st_stairs_11
D:2:      layout_rooms, basic_altar
D:3:      layout_loops_corners
D:4:      layout_loops_ring, serial_shops, nicolae_take_the_stairs,
          grunt_ministairs_6, minmay_fractal_squares_5, uniq_sigmund
D:5:      layout_layer_cave, lemuel_crystal_altar,
          minmay_temple_entry_glassed_door, kennysheep_another_room,
          minmay_a_box_with_orc_wizards_in_it
D:6:      layout_basic, gammafunk_ghost_grave
D:7:      layout_loops_ring, ebering_ghost_rock_garden
D:8:      layout_cave_pools
D:9:      layout_cave_pools, minmay_lair_entry_grove
D:10:     layout_long_grid, orc_0_dummy, serial_shops, nicolae_diamond_shop,
          nicolae_shop_stone, kennysheep_mini_moat, nicolae_diamond_shop, shop
Lair:1:   layout_gridlike, portal_ice_cave_demonic_guard
IceCv:    ice_cave_small_necro

Skill      XL: |  1  2  3  4  5  6  7  8  9 10 11 |
---------------+----------------------------------+-----
Conjurations   | 5 6 7 8 9 |  9.6
Spellcasting   | 3 4 6 7 8 9 |  9.4
Fighting       | 1 2 3 4 5 6 7 |  7.4
Poison Magic   | 1 |  1.1
Hexes          | 1 |  1.4
Dodging        | 2 3 4 5 |  5.2
Armour         | 1 3 4 6 |  6.0
Translocations | 2 3 |  3.0
Invocations    | 2 4 5 |  5.3
Axes           | 2 3 |  3.5
Stealth        | |  2.1

Action                   |  1- 3 |  4- 6 |  7- 9 | 10-12 || total
-------------------------+-------+-------+-------+-------++-------
Melee: Dagger            |     8 |    13 |       |       ||    21
       Morningstar       |       |       |    23 |       ||    23
       War axe           |       |       |       |    45 ||    45
 Cast: Magic Dart        |    82 |    59 |    44 |     6 ||   191
       Searing Ray       |     2 |     7 |    36 |    69 ||   114
       Mephitic Cloud    |       |     1 |     5 |     7 ||    13
       Iskenderun's Myst |       |       |     5 |    12 ||    17
Invok: Ancestor Identity |       |     1 |       |       ||     1
       Ancestor Life: Kn |       |     1 |       |       ||     1
       Recall Ancestor   |       |       |       |     1 ||     1
Evoke: Wand              |       |       |       |     3 ||     3
  Use: Scroll            |       |     2 |     4 |     7 ||    13
 Stab: Sleeping          |       |     1 |     1 |       ||     2
Armor: Robe              |     8 |     4 |    15 |       ||    27
       Leather armour    |       |       |    11 |    46 ||    57
Dodge: Dodged            |    21 |     7 |    48 |    64 ||   140

Table legend: (Time is in decaauts)
 A = Elapsed time spent in this place.
 B = Non-inter-level travel time spent in this place.
 C = Inter-level travel time spent in this place.
 D = Time resting spent in this place.
 E = Time spent auto-exploring this place.
 F = Levels seen in this place.
 G = Mean time per level.
                   A        B        C        D        E       F      G
               +--------+--------+--------+--------+--------+-----+--------+
         Total |  12051 |  11654 |    397 |   3082 |   6510 |  12 | 1004.2 |
       Dungeon |  10184 |   9787 |    397 |   1945 |   6424 |  10 | 1018.4 |
          Lair |    418 |    418 |      0 |    153 |      0 |   1 |  418.0 |
      Ice Cave |   1448 |   1448 |      0 |    984 |     86 |   1 | 1448.0 |
               +--------+--------+--------+--------+--------+-----+--------+

Top non-repeatable levels by time:
     D:5: 1775 daAuts
     D:1: 1563 daAuts
   IceCv: 1448 daAuts
     D:3: 1195 daAuts
     D:9: 1163 daAuts
     D:7: 1109 daAuts
     D:8: 1098 daAuts
     D:4: 1030 daAuts
     D:6: 648 daAuts
     D:2: 576 daAuts
  Lair:1: 418 daAuts
    D:10: 22 daAuts
